Map: Blackrock LE

Players

Krystianer - Winner!

  • Race: Protoss Protoss
  • League: Grandmaster
  • Spawn Location: 1:00

Jumy (ForJumy)

  • Race: Zerg Zerg
  • League: Master
  • Spawn Location: 7:00

Event: HomeStory Cup XXIX

VOD

Have the link to the VOD?

Description

Time

  • Played on: July 3, 2026, 6:18 a.m.
  • Length: 3:16

All games in this series

Show
View Real Time Build Order
Export as new Build Order

Krystianer Protoss - Winner!

Build Orders:  

Get SALT Encoding   

  8  0:00  Probe (Chrono Boost)  
  9  0:12  Probe (Chrono Boost)  
  10  0:21  Probe (Chrono Boost)  
  11  0:26  Probe  
  12  0:32  Pylon  
  12  0:38  Probe  
  13  0:50  Probe  
  13  0:54  Gateway  
  14  1:02  Probe (Chrono Boost)  
  15  1:06  Assimilator  
  16  1:12  Probe (Chrono Boost)  
  16  1:13  Assimilator  
  16  1:17  Probe (Chrono Boost)  
  17  1:29  Probe  
  17  1:31  Gateway  
  18  1:41  Probe  
  18  1:44  Cybernetics Core  
  19  1:53  Probe  
  20  1:58  Pylon  
  20  2:05  Probe  
  21  2:22  Adept (Chrono Boost)  
  26  2:26  Shield Battery  
  26  2:29  Adept (Chrono Boost)  
  25  2:30  Pylon  
  25  2:41  Pylon  
Show
View Real Time Build Order
Export as new Build Order

Jumy Zerg 

Build Orders: Pool Only 

Get SALT Encoding   

  8  0:00  Drone  
  9  0:11  Drone  
  9  0:14  Extractor  
  9  0:26  Drone  
  10  0:44  Spawning Pool  
  9  0:52  Drone  
  10  1:02  Drone  
  11  1:09  Drone  
  12  1:21  Overlord  
  12  1:31  Metabolic Boost  
  12  1:40  Zergling x4  
  12  1:44  Zergling x2  
  15  1:51  Zergling x2  
  16  2:00  Zergling x2  
  17  2:13  Zergling x2  
  18  2:20  Zergling x2  
  19  2:33  Zergling x2  
  20  2:54  Zergling x2  
Tags
 
Add a new tag
Caveats
  • Supply blocks, unpowered buildings, or Contaminate may cause inaccurate times.
  • Supply counts are checked every 10 seconds.